 Dungeon Crawl Stone Soup version 0.23.2-1-ga50397a (webtiles) character file.

Game seed: 5467034291719241421

400 davaitedunem the Chopper (level 6, -10/30 HPs)
             Began as a Vine Stalker Gladiator on May 6, 2019.
             Was an Initiate of Dithmenos.
             Mangled by an ogre
             ... wielding a +0 giant spiked club
              (16 damage)
             ... on level 5 of the Dungeon.
             The game lasted 00:12:53 (2721 turns).

davaitedunem the Chopper (Vine Stalker Gladiator)   Turns: 2721, Time: 00:12:54

Health: -10/30     AC:  9    Str: 12    XL:     6   Next: 84%
Magic:  0/7        EV:  1    Int:  8    God:    Dithmenos [......]
Gold:   256        SH: 10    Dex: 16    Spells: 5/5 levels left

rFire    . . .     SeeInvis .   a - +0 war axe
rCold    . . .     Gourm    .   z - +0 large shield
rNeg     . . .     Faith    .   s - +0 chain mail
rPois    +         Spirit   +   o - +0 helmet
rElec    .         Reflect  .   (no cloak)
rCorr    .         Harm     .   (no gloves)
MR       .....                  (no boots)
Stlth    ..........             c - amulet of the acrobat
HPRegen  0.50/turn              x - -6 ring of strength (curse)
MPRegen  0.10/turn              h - ring of poison resistance

@: no status effects
A: fangs 2, regeneration 1, magic shield, antimagic bite, no potion heal 3, rot
immunity
a: Renounce Religion


You were on level 5 of the Dungeon.
You worshipped Dithmenos.
Dithmenos was noncommittal.
You were not hungry.

You visited 1 branch of the dungeon, and saw 5 of its levels.

You collected 256 gold pieces.

Inventory:

Hand Weapons
 a - a +0 war axe (weapon)
Missiles
 d - 2 throwing nets (quivered)
 q - 4 javelins
Armour
 g - a +0 scale mail
 o - a +0 helmet (worn)
 s - a +0 chain mail (worn)
 z - a +0 large shield (worn)
Jewellery
 c - an amulet of the acrobat (around neck)
 h - a ring of poison resistance (right hand)
 n - an uncursed amulet of regeneration
 x - a cursed -6 ring of strength (left hand)
Wands
 i - a wand of disintegration (15)
 u - a wand of flame (28)
Scrolls
 j - 3 scrolls of identify
 k - a scroll of random uselessness {unknown}
 l - 2 scrolls of enchant weapon
 p - 5 scrolls of teleportation {unknown}
 r - a scroll of enchant armour {unknown}
 y - a scroll of fog {unknown}
Potions
 b - a potion of haste {unknown}
 e - a potion of berserk rage
 t - a potion of curing {unknown}
 v - a potion of lignification {unknown}
 w - a potion of mutation {unknown}
Comestibles
 f - 7 rations


   Skills:
 - Level 1.7 Fighting
 + Level 6.8 Axes
 - Level 1.7 Throwing
 - Level 2.4 Dodging


You had 5 spell levels left.
You didn't know any spells.
Your spell library was empty.

Dungeon Overview and Level Annotations

Branches:
Dungeon (5/15)
 Temple: D:4-7

Altars:
Dithmenos
Elyvilon
Gozag
Hepliaklqana
Ru
Trog
Vehumet
Yredelemnul
Zin


Innate Abilities, Weirdness & Mutations

You have extremely sharp teeth.
Your natural rate of healing is unusually fast.
When hurt, damage is shared between your health and your magic reserves.
Your bite disrupts and absorbs the magic of your enemies.
Potions cannot restore your health.
You are immune to rotting.


Message History

You see here a scale mail.
g - a scale mail
(D) Dungeon
Where to? (Enter - D:4 @ (x,y), ? - help)
What level of the Dungeon? (default 1, ? - help)
There is a stone staircase leading down here.
You climb downwards.
An ogre comes into view. It is wielding a +0 giant spiked club.
The ogre shouts!
Found a lumpy pink potion.
There is a stone staircase leading up here.
The ogre hits you with a +0 giant spiked club!!
Ouch! That really hurt!
* * * LOW HITPOINT WARNING * * *
You are too injured to fight recklessly!
You are too injured to fight recklessly!
Your shield and chain mail prevent you from hitting the ogre.
The ogre hits you with a +0 giant spiked club!!
Ouch! That really hurt!
You die...

.... ....
..... .....
......
......####
........<#
#####.@.#
......O......#
######..!#####
#...# #####


You could see an ogre.

Vanquished Creatures
  An ogre (D:2)
  A scorpion (D:4)
  An orc priest (D:3)
  2 orc wizards
  Jessica (D:3)
  5 adders
  2 oozes
  5 worms
  A dart slug (D:1)
  4 leopard geckos
  7 orcs
  4 giant cockroaches
  11 goblins
  13 hobgoblins
  9 kobolds
  A ball python (D:3)
  5 bats
  6 frilled lizards
  5 rats
84 creatures vanquished.

Notes
Turn   | Place    | Note
-------+----------+-------------------------------------------
     0 | D:1      | davaitedunem the Vine Stalker Gladiator began the quest for
                  | the Orb.
     0 | D:1      | Reached XP level 1. HP: 11/11 MP: 2/2
    66 | D:1      | Reached skill level 3 in Axes
   102 | D:1      | Reached XP level 2. HP: 13/15 MP: 3/3
   294 | D:1      | Reached XP level 3. HP: 14/18 MP: 4/4
   632 | D:2      | Reached skill level 4 in Axes
   648 | D:2      | Gained mutation: Your natural rate of healing is unusually
                  | fast. [Vine Stalker growth]
   648 | D:2      | Reached XP level 4. HP: 4/23 MP: 5/5
   722 | D:2      | Found a white marble altar of Elyvilon.
   876 | D:2      | Noticed an ogre
   881 | D:2      | Killed an ogre
   881 | D:2      | Reached skill level 5 in Axes
   881 | D:2      | Reached XP level 5. HP: 26/26 MP: 6/6
  1060 | D:2      | Found a basalt altar of Yredelemnul.
  1483 | D:3      | Found a glowing silver altar of Zin.
  1513 | D:3      | Found an opulent altar of Gozag.
  1557 | D:3      | Found a sacrificial altar of Ru.
  1573 | D:3      | Reached XP level 6. HP: 27/30 MP: 5/7
  1594 | D:3      | Reached skill level 6 in Axes
  1863 | D:3      | Noticed Jessica
  1872 | D:3      | Killed Jessica
  1956 | D:3      | Found a bloodstained altar of Trog.
  2172 | D:4      | Found a radiant altar of Vehumet.
  2243 | D:4      | Found a shadowy altar of Dithmenos.
  2253 | D:4      | Became a worshipper of Dithmenos the Shadowed
  2494 | D:4      | Found a hazy altar of Hepliaklqana.
  2719 | D:5      | Entered Level 5 of the Dungeon
  2721 | D:5      | Mangled by an ogre

Skill      XL: |  1  2  3  4  5  6 |
---------------+-------------------+-----
Axes           | 3 4 5 6 |  6.8
Fighting       | |  1.7
Throwing       | |  1.7
Dodging        | |  2.4

Action                   |  1- 3 |  4- 6 || total
-------------------------+-------+-------++-------
Melee: War axe           |    56 |   160 ||   216
       Bite              |    16 |    44 ||    60
Throw: Throwing net      |       |     4 ||     4
  Use: Potion            |     3 |       ||     3
       Scroll            |     2 |     3 ||     5
  Eat: Chunk             |       |     6 ||     6
Armor: Leather armour    |     6 |       ||     6
       Ring mail         |    25 |    51 ||    76
       Chain mail        |       |     8 ||     8
Dodge: Dodged            |    53 |    67 ||   120
Block: Buckler           |     5 |    20 ||    25
       Large shield      |       |    15 ||    15
